 Dungeon Crawl Stone Soup version 0.30-a0-840-ga523dec638 (webtiles) character file.

Game seed: 604788902268454389

2 Esekla the Sneak (level 1, -15/16 HPs)
             Began as an Octopode Delver on Mar 2, 2023.
             Demolished by an ogre
             ... wielding a +0 giant club
              (31 damage)
             ... on level 5 of the Dungeon.
             The game lasted 00:01:33 (124 turns).

Esekla the Sneak (Octopode Delver)                   Turns: 124, Time: 00:01:34

Health: -15/16     AC:  1    Str: 11    XL:     1   Next: 30%
Magic:  1/1        EV: 13    Int: 12    God:
Gold:   46         SH:  0    Dex: 13    Spells: 0/0 levels left

rFire   . . .      SeeInvis .    a - +0 falchion
rCold   . . .      Faith    .    (no shield)
rNeg    . . .      Spirit   .    (helmet restricted)
rPois   .          Reflect  .    (no amulet)
rElec   .          Harm     .    (no ring)
rCorr   .          Rampage  .    (no ring)
Will    .....                    (no ring)
Stlth   ++++                     (no ring)
HPRegen 0.22/turn                (no ring)
MPRegen 0.07/turn                (no ring)
                                 (no ring)
                                 (no ring)

@: no status effects
A: almost no armour, amphibious, 8 rings, camouflage 1, gelatinous body 1,
(nimble swimmer 1), tentacles
a: no special abilities


You were on level 5 of the Dungeon.
You visited 1 branch of the dungeon, and saw 1 of its levels.

You collected 46 gold pieces.

Inventory:

Hand Weapons
 a - a +0 falchion (weapon)
 h - a +0 dagger of pain
Missiles
 g - 5 poisoned darts (quivered)
Wands
 f - a wand of digging (3)
Scrolls
 b - a scroll of fog
 c - a scroll of teleportation {unknown}
Potions
 e - a potion of haste
 i - a potion of mutation {unknown}


   Skills:
 * Level 3.0 Fighting
 * Level 2.0 Long Blades
 * Level 2.0 Dodging
 + Level 6.6 Stealth


You couldn't memorise any spells.
You didn't know any spells.
Your spell library was empty.

Dungeon Overview and Level Annotations

Branches:
Dungeon (5/15)
 Temple: D:4-7

Altars:
Yredelemnul


Innate Abilities, Weirdness & Mutations

You cannot wear most types of armour.
You are amphibious.
You can wear up to eight rings at the same time.
Your skin changes colour to match your surroundings (Stealth+).
Your rubbery body absorbs attacks. (AC +1, EV +1)
((You are camouflaged when in or above water. (Stealth+)))
You have tentacles for arms and can constrict up to eight enemies at once.


Message History

Found a spear.
Found 14 gold pieces.
An ogre comes into view. It is wielding a +0 giant club.
Found a glowing dagger.
Found 7 gold pieces.
You slash the orc!
You kill the orc!
Things that are here:
a +0 club; an orc corpse The ogre shouts!
You see here a +0 dagger of pain.
h - a +0 dagger of pain A phantom comes into view.
Found a scroll of fog.
Found a sedimented blue potion.
You see here a sedimented blue potion.
i - a sedimented blue potion
Found a sling.
A scorpion comes into view.
The scorpion moves out of view.
A gnoll bouda and a gnoll come into view.
Found a book of Geomancy and a pair of gloves.
Press: ? - help, v - describe, . - travel, g - get item Item here: a book of Geomancy.
The floor.
Unknown command.
A gnoll comes into view. It is wielding a +0 whip.
As you read the scroll of fear, it crumbles to dust.
You assume a fearsome visage.
The ogre looks frightened!
The gnoll bouda looks frightened!
The gnoll looks frightened!
The gnoll shouts!
The scorpion looks frightened!
You hear a shout!
An adder comes into view.
The ogre gives up.
The ogre yells at you, "GO AWAY!"
The ogre seems to regain its courage.
The ogre hits you with a +0 giant club!!
Ouch! That really hurt!
You die...

,<,,.:......#g#
#.?......,,,,*
*,,,...g...##.##
#........W..,*
**,,......#*##.#
#...........,*
*,,....##*
#.###...........,*
**,.[.**
##.##............#
**.#**
#.##....$)....$.# *
***
##.#............###
**
#.O..W........##..
,*
#@.#.........##...
,**
##..........#...#.
,,*
#........#....#..
,,*****
#.......#...##...
,,,,,,**
##.........##....
^****,>***
*#.#.###...#.....
,,,,*,,,,**
**#.#### ##........
,,,,*,,,,,* **..#*
###......
,,,,*,,,,,* **..#*
###....


You could see an ogre and a phantom.

Vanquished Creatures
  An orc (D:5)
1 creature vanquished.

Notes
Turn   | Place    | Note
-------+----------+-------------------------------------------
     0 | D:5      | Esekla the Octopode Delver began the quest for the Orb.
     0 | D:5      | Reached XP level 1. HP: 16/16 MP: 1/1
    20 | D:5      | Found a basalt altar of Yredelemnul.
    65 | D:5      | Noticed an ogre
   101 | D:5      | Noticed a phantom
   111 | D:5      | Noticed a scorpion
   112 | D:5      | Noticed a gnoll bouda
   124 | D:5      | Demolished by an ogre

Illustrated notes

Levels and vault maps discovered:
D:5:      layout_cave_pods, mainiacjoe_overflow_24_doors, lemuel_tele_altar

Action                     || total
---------------------------++-------
  Melee: Falchion          ||     1
    Use: Scroll            ||     2

Table legend: (Time is in decaauts)
 A = Elapsed time spent in this place.
 B = Non-inter-level travel time spent in this place.
 C = Inter-level travel time spent in this place.
 D = Time resting spent in this place.
 E = Time spent auto-exploring this place.
 F = Levels seen in this place.
 G = Mean time per level.
                   A        B        C        D        E       F      G
               +--------+--------+--------+--------+--------+-----+--------+
         Total |    124 |    124 |      0 |      0 |      0 |   1 |  124.0 |
       Dungeon |    124 |    124 |      0 |      0 |      0 |   1 |  124.0 |
               +--------+--------+--------+--------+--------+-----+--------+

Top non-repeatable levels by time:
     D:5: 124 daAuts
